 Dungeon Crawl Stone Soup version 0.31-a0-702-gf82c85558f (webtiles) character file.

Game seed: 9366199387067491648

388 Xavori the Sneak (level 6, -10/42 HPs)
             Began as an Octopode Chaos Knight on Sept 8, 2023.
             Was a Plaything of Xom.
             Mangled by a wraith (14 damage)
             ... in an ossuary.
             The game lasted 00:03:26 (10323 turns).

Xavori the Sneak (Octopode Chaos Knight)           Turns: 10323, Time: 00:03:28

Health: -10/42     AC:  1    Str: 19    XL:     6   Next: 79%
Magic:  6/6        EV: 13    Int: 19    God:    Xom [.....*]
Gold:   149        SH:  0    Dex: 12    Spells: 5/5 levels left

rFire   + . .        a - +0 short sword (chaos)
rCold   + . .        (no shield)
rNeg    . . .        (helmet restricted)
rPois   .            (no amulet)
rElec   .            l - ring "Paacizxa" {rC+ Str+5 Int+2 Slay+3}
rCorr   .            (no ring)
SInv    .            (no ring)
Will    +....        (no ring)
Stlth   ++++         (no ring)
HPRegen 0.27/turn    (no ring)
MPRegen 0.10/turn    (no ring)
                     (no ring)

%: no passive effects
@: slowed, very slow
A: almost no armour, amphibious, 8 rings, camouflage 1, gelatinous body 1,
(nimble swimmer 1), tentacles, tentacle spike 1, clever 1, fire resistance 1,
high MP 1, strong-willed 1, strong 1, evolution 1, inability to drink after
injury 1, noise suppression
a: Renounce Religion


You were in an ossuary.
You worshipped Xom.
You were Xom's teddy bear.
You visited 1 branch of the dungeon, and saw 4 of its levels.
You also visited: Ossuary.

You collected 149 gold pieces.

Inventory:

Hand Weapons
 a - a +0 short sword of chaos (weapon)
Jewellery
 h - the ring "Peqe" {rF- rC+ Int+9}
   (Xom gifted it to you on level 1 of the Dungeon)

   [ring of protection from cold]

   Int+9:     It affects your intelligence (+9).
   rF-:       It makes you vulnerable to fire.
   rC+:       It protects you from cold.
 l - the ring "Paacizxa" (left tentacle) {rC+ Str+5 Int+2 Slay+3}
   (Xom gifted it to you on level 1 of the Dungeon)

   [ring of protection from cold]

   Str+5:     It affects your strength (+5).
   Int+2:     It affects your intelligence (+2).
   Slay+3:    It affects your accuracy & damage with ranged weapons and melee
   (+3).
   rC+:       It protects you from cold.
 n - a +6 ring of intelligence
Wands
 j - a wand of flame (15)
 k - a wand of acid (13)
Scrolls
 b - a scroll of butterflies
 c - 2 scrolls of fear
 e - a scroll of poison {unknown}
 f - a scroll of silence {unknown}
 g - 2 scrolls of identify
 p - a scroll of fog {unknown}
 q - a scroll of teleportation {unknown}
 r - a scroll of enchant armour {unknown}
Potions
 d - a potion of resistance {unknown}
 m - 2 potions of heal wounds
 o - 2 potions of haste
 s - a potion of lignification {unknown}
 t - 2 potions of ambrosia {unknown}
Miscellaneous
 i - a phial of floods


   Skills:
 + Level 3.6 Fighting
 + Level 4.2 Short Blades
 + Level 2.9 Dodging
 + Level 6.4 Stealth
 * Level 2.6 Evocations


You had 5 spell levels left.
You didn't know any spells.
Your spell library was empty.

Dungeon Overview and Level Annotations

Branches:
Dungeon (4/15)            Ossuary (1/1)
 Temple: D:4-7

Altars:
Xom


Innate Abilities, Weirdness & Mutations

You cannot wear most types of armour.
You are amphibious.
You can wear up to eight rings at the same time.
Your skin changes colour to match your surroundings (Stealth+).
Your rubbery body absorbs attacks. (AC +1, EV +1)
((You are camouflaged when in or above water. (Stealth+)))
You have tentacles for arms and can constrict up to eight enemies at once.
One of your tentacles bears a spike.
Your mind is acute. (Int +4, Str/Dex -1)
Your flesh is heat resistant. (rF+)
You have an increased reservoir of magic. (+10% MP)
You are strong-willed. (Will+)
Your muscles are strong. (Str +4, Int/Dex -1)
You have hidden genetic potential.
You occasionally lose the ability to drink potions when taking damage.
You passively dampen the noise of your surroundings.


Message History

You constrict the mummy. You hit the mummy.
You destroy the mummy!
Unknown command.
No target in view!
You open the door.
A wraith comes into view.
Found a scroll labelled ZUEM GURUEGRAS.
There is an open door here.
A wraith is nearby!
The helpless wraith fails to defend itself.
You impale the wraith!!
You pierce the wraith, but do no damage.
Your squeeze misses the wraith.
The wraith is severely damaged.
The wraith hits you.
A wraith is nearby!
You hit the wraith but do no damage.
The wraith seems to speed up.
Your tentacle spike misses the wraith.
The wraith is severely damaged.
The wraith hits you! The wraith drains your vigour!
You feel yourself slow down.
You closely miss the wraith.
The wraith is severely damaged.
The wraith closely misses you. The wraith completely misses you.
You closely miss the wraith.
Your tentacle spike misses the wraith.
You squeeze the wraith, but do no damage.
The wraith is severely damaged.
The wraith hits you! x2
* * * LOW HITPOINT WARNING * * *
The wraith drains your vigour!
You feel as though you will be slow longer.
Aiming: Corrosive Bolt
Press: ? - help, Shift-Dir - straight line, f - wraith
Aim: a wraith (severely damaged, fast, 71% to hit)
The bolt of acid hits the wraith!
The wraith is almost destroyed.
The wraith hits you!
You die...
Xom chuckles heartily!

.....#.#.............#
.....................#
####.....####..####..#
# +...8...+ #...+ #..#
####.....####..####..#
.....................#
.....#.#.............#
.....#+#.......####..#
.8...# #...8....@W#..#
.....###.......####..#
.....................#
#.#..#.#..#.#........#
#+#..#+#..#'#..####..#
# ..# #..#?#...'.#..#
..###..###..####..#
.................#
.................#


You could see a wraith (fast).

Vanquished Creatures
  Edmund (D:4)
  An ogre (D:4)
  A human zombie (Ossuary)
  Ijyb (D:3)
  2 mummies (Ossuary)
  4 adders
  A gnoll (D:1)
  3 dart slugs
  7 endoplasms
  3 giant cockroaches
  A gnoll zombie (Ossuary)
  4 hobgoblins
  4 kobolds
  3 quokkas
  7 ball pythons
  8 bats
  3 frilled lizards
  4 goblins
  4 goblin zombies (Ossuary)
  5 hobgoblin zombies (Ossuary)
  3 kobold zombies
70 creatures vanquished.

Notes
Turn   | Place    | Note
-------+----------+-------------------------------------------
     0 | D:1      | Xavori the Octopode Chaos Knight began the quest for the
                  | Orb.
     0 | D:1      | Reached XP level 1. HP: 16/16 MP: 1/1
    11 | D:1      | XOM: divination: detect items
    15 | D:1      | XOM: divination: magic mapping
    64 | D:1      | XOM: silly message
   103 | D:1      | Reached XP level 2. HP: 21/21 MP: 2/2
   163 | D:1      | XOM: silly message
   252 | D:1      | XOM: butterfly on damage
   320 | D:1      | XOM: silly message
   412 | D:1      | Reached XP level 3. HP: 25/26 MP: 3/3
   482 | D:1      | XOM: silly message
   548 | D:1      | Reached skill level 1 in Stealth
   653 | D:1      | XOM: scenery: 2 doors open, 1 doors close
  2040 | D:1      | XOM: summons 2 hostile demons
  2165 | D:2      | XOM is BORED!
  2165 | D:2      | XOM: 4-stop teleportation journey
  2765 | D:1      | XOM is BORED!
  2765 | D:1      | XOM: give mutations
  2765 | D:1      | Gained mutation: You passively dampen the noise of your
                  | surroundings. [Xom's mischief]
  2765 | D:1      | Gained mutation: You are partially covered in iridescent
                  | scales. (AC +2) [Xom's mischief]
  2765 | D:1      | Gained mutation: You occasionally lose the ability to drink
                  | potions when taking damage. [Xom's mischief]
  2765 | D:1      | Lost mutation: You are partially covered in iridescent
                  | scales. (AC +2) [Xom's mischief]
  3166 | D:1      | XOM: 10-stop teleportation journey
  3204 | D:1      | XOM: god gift: phial of floods
  3270 | D:1      | XOM: god gift: sapphire potion {god gift}
  3497 | D:1      | XOM: silly message
  3578 | D:1      | Identified the ring "Peqe" {rF- rC+ Int+9} (Xom gifted it
                  | to you on level 1 of the Dungeon)
  3578 | D:1      | XOM: god gift: ring "Peqe" {rF- rC+ Int+9}
  3707 | D:1      | XOM: scenery: summon butterflies
  4122 | D:1      | XOM: 6-stop teleportation journey
  4392 | D:1      | XOM: scenery: summon butterflies
  4578 | D:1      | XOM: cloud trail
  4782 | D:1      | XOM: god gift: robe {god gift}
  4847 | D:1      | XOM is BORED!
  5029 | D:1      | XOM: noise
  5101 | D:1      | XOM: scenery: create altars
  5144 | D:1      | XOM: scenery: summon butterflies
  5572 | D:1      | XOM: give mutations
  5572 | D:1      | Gained mutation: One of your tentacles bears a spike.
                  | [Xom's grace]
  5572 | D:1      | Gained mutation: You have an increased reservoir of magic.
                  | (+10% MP) [Xom's grace]
  5572 | D:1      | Gained mutation: Your mind is acute. (Int +4, Str/Dex -1)
                  | [Xom's grace]
  6803 | D:1      | XOM: god gift: brass wand {god gift}
  7688 | D:1      | XOM: god gift: wand of acid (5)
  7747 | D:1      | XOM: 1-stop teleportation journey
  8022 | D:1      | XOM: god gift: pair of glowing gloves {god gift}
  8328 | D:1      | Identified the ring "Paacizxa" {rC+ Str+5 Int+2 Slay+3}
                  | (Xom gifted it to you on level 1 of the Dungeon)
  8328 | D:1      | XOM: god gift: ring "Paacizxa" {rC+ Str+5 Int+2 Slay+3}
  8558 | D:2      | Found a shimmering altar of Xom.
  8639 | D:2      | Reached skill level 2 in Stealth
  8674 | D:2      | XOM is BORED!
  8675 | D:2      | Reached XP level 4. HP: 31/31 MP: 4/4
  9214 | D:3      | XOM: give mutations
  9214 | D:3      | Gained mutation: Your muscles are strong. (Str +4, Int/Dex
                  | -1) [Xom's grace]
  9214 | D:3      | Gained mutation: You are strong-willed. (Will+) [Xom's
                  | grace]
  9214 | D:3      | Gained mutation: You have hidden genetic potential. [Xom's
                  | grace]
  9329 | D:3      | Reached skill level 3 in Stealth
  9372 | D:3      | XOM: god gift: scroll labelled PECITSIYDA {god gift}
  9553 | D:3      | Reached skill level 1 in Evocations
  9614 | D:3      | Noticed Ijyb
  9619 | D:3      | Killed Ijyb
  9620 | D:3      | Reached XP level 5. HP: 18/36 MP: 5/5
  9997 | D:4      | Noticed Edmund
 10002 | D:4      | Killed Edmund
 10003 | D:4      | Reached skill level 5 in Stealth
 10003 | D:4      | Reached XP level 6. HP: 11/42 MP: 0/6
 10009 | D:4      | Gained mutation: Your flesh is heat resistant. (rF+)
                  | [hidden potential]
 10160 | D:4      | Found a sand-covered staircase.
 10167 | Ossuary  | XOM: noise
 10167 | Ossuary  | Entered an ossuary
 10167 | Ossuary  | Noticed a wraith
 10167 | Ossuary  | Noticed a wraith
 10167 | Ossuary  | Noticed a wraith
 10197 | Ossuary  | Reached skill level 6 in Stealth
 10317 | Ossuary  | Noticed a wraith
 10323 | Ossuary  | Mangled by a wraith

Illustrated notes

Levels and vault maps discovered:
D:1:      dpeg_arrival_water_fire, layout_loops_corners
D:2:      layout_loops_corners, basic_altar, kennysheep_pointless_box,
          kennysheep_generic_room_7
D:3:      layout_loops_cross, minmay_crystal_room, uniq_ijyb
D:4:      layout_basic, minmay_temple_entry_mini_moons, enter_ossuary_3,
          uniq_grinder, uniq_edmund
Ossuary:  ossuary_kennysheep_city_of_the_dead

Skill      XL: |  1  2  3  4  5  6 |
---------------+-------------------+-----
Stealth        | 2 3 5 6 |  6.4
Evocations     | 1 2 |  2.6
Short Blades   | 4 |  4.2
Fighting       | |  3.6
Dodging        | |  2.9

Action                     |  1- 3 |  4- 6 || total
---------------------------+-------+-------++-------
  Melee: Short sword       |    51 |    58 ||   109
         Constrict         |    13 |    19 ||    32
         Tentacles         |    11 |    11 ||    22
         Kick              |     1 |    19 ||    20
         Punch             |       |     2 ||     2
  Evoke: Wand              |       |     3 ||     3
    Use: Potion            |     1 |       ||     1
         Scroll            |       |     3 ||     3
   Stab: Sleeping          |    10 |    14 ||    24
         Paralysed         |       |     3 ||     3
         Confused          |       |     1 ||     1
 Armour: Skin              |    18 |    17 ||    35
  Dodge: Dodged            |    23 |    22 ||    45

Table legend: (Time is in decaauts)
 A = Elapsed time spent in this place.
 B = Non-inter-level travel time spent in this place.
 C = Inter-level travel time spent in this place.
 D = Time resting spent in this place.
 E = Time spent auto-exploring this place.
 F = Levels seen in this place.
 G = Mean time per level.
                   A        B        C        D        E       F      G
               +--------+--------+--------+--------+--------+-----+--------+
         Total |  10288 |  10063 |    225 |   7365 |   2183 |   5 | 2057.6 |
       Dungeon |  10138 |   9913 |    225 |   7365 |   2095 |   4 | 2534.5 |
       Ossuary |    150 |    150 |      0 |      0 |     88 |   1 |  150.0 |
               +--------+--------+--------+--------+--------+-----+--------+

Top non-repeatable levels by time:
     D:1: 8158 daAuts
     D:2: 978 daAuts
     D:3: 809 daAuts
     D:4: 191 daAuts
 Ossuary: 150 daAuts
